AoeStats
← Banon

African Clearing

510680378Analyzed
4v4 RM · 21h ago on Oct 2, 2026· 71m 46s· 8 players
Game mode
Random Map
Map size
Large (8 player)
Population
200
Speed
Normal
Resources
Standard
Victory
Conquest
Starting age
Dark Age
Ending age
Imperial Age
RankedLock teamsTeams togetherTeam positionsShared explorationLock speedFull tech treeHidden civsTurbo modeCheats
Victory
Defeat
🇨🇦 Armenians · Canada
1479
+16
🇺🇸 Spanish · United States
1464
+16
🇨🇦 Bohemians · Canada
1448
+17
🇺🇸 Berbers · United States
1400
+19
🇭🇰 Maya · Hong Kong SAR China
1524
-19
🇺🇸 Burgundians · United States
1520
-20
🇨🇳 Khmer · China
1456
-16
🇺🇸 Britons · United States
1360
-13
zhazhahui
8:06 Loom
13:35 Feudal Age
17:10 Castle Age
15:02 Double-Bit Axe
20:23 Wheelbarrow
22:41 Town Watch
24:45 Hand Cart
26:18 Fletching
27:02 Bodkin Arrow
31:55 Horse Collar
35:04 Imperial Age
35:16 Scale Mail Armor
35:27 Forging
35:47 Pikeman
36:28 Squires
36:13 Arson
36:45 Chain Mail Armor
39:13 Imperial Age
37:39 Padded Archer Armor
38:16 Iron Casting
37:55 Heavy Plow
40:28 Plate Mail Armor
40:59 Blast Furnace
39:22 Halberdier
42:36 Chemistry
45:54 Bracer
47:32 Bow Saw
58:15 Houfnice
鸭子
4:35 Loom
12:28 Feudal Age
40:43 Castle Age
39:19 Double-Bit Axe
40:58 Gold Mining
41:37 Bloodlines
42:43 Husbandry
51:04 Forging
51:00 Scale Barding Armor
52:22 Iron Casting
54:29 Wheelbarrow
60:07 Imperial Age
58:20 Stone Mining
59:55 Thumb Ring
61:48 Fletching
62:25 Ballistics
67:12 Chemistry
66:10 Bodkin Arrow
66:16 Padded Archer Armor
65:40 Heavy Cavalry Archer
66:06 Elite Genitour
Minomone
12:07 Feudal Age
10:25 Loom
16:30 Castle Age
14:40 Double-Bit Axe
15:12 Man-at-Arms
16:07 Long Swordsman
16:41 Horse Collar
17:33 Gambesons
19:26 Scale Mail Armor
19:58 Squires
21:03 Town Watch
23:42 Heavy Plow
26:43 Bow Saw
27:42 Wheelbarrow
29:18 Gold Mining
29:21 Stone Mining
31:35 Gold Shaft Mining
31:20 Town Patrol
32:59 Hand Cart
38:06 Imperial Age
36:34 Two-Handed Swordsman
37:00 Arson
37:31 Chain Mail Armor
37:26 Forging
39:24 Plate Mail Armor
39:16 Conscription
39:23 Masonry
40:20 Fereters
40:50 Champion
42:07 Iron Casting
41:15 Capped Ram
43:26 Coinage
43:11 Siege Ram
46:55 Pikeman
48:41 Blast Furnace
47:33 Fletching
47:53 Halberdier
48:21 Treadmill Crane
49:41 Chemistry
48:54 Fortified Wall
50:02 Banking
49:44 Guilds
50:08 Bodkin Arrow
50:13 Padded Archer Armor
50:37 Ballistics
50:13 Murder Holes
54:03 Bombard Tower
55:05 Bracer
55:20 Leather Archer Armor
59:12 Ring Archer Armor
61:44 Cilician Fleet
62:18 Hoardings
67:46 Caravan
Vedette87
14:03 Feudal Age
13:54 Loom
17:43 Castle Age
16:37 Double-Bit Axe
17:31 Stone Mining
17:34 Gold Mining
19:56 Padded Archer Armor
22:50 Leather Archer Armor
23:22 Wheelbarrow
30:31 Horse Collar
32:03 Hand Cart
33:51 Heavy Plow
34:06 Bow Saw
34:05 Town Watch
36:15 Bloodlines
36:08 Husbandry
40:41 Fletching
44:25 Imperial Age
43:42 Ballistics
44:48 Bodkin Arrow
46:13 Murder Holes
47:19 Chemistry
46:49 Elite Conquistador
47:50 Conscription
48:46 Ring Archer Armor
52:28 Bracer
54:15 Two-Man Saw
54:46 Supremacy
61:04 Pikeman
61:44 Squires
62:55 Halberdier
63:50 Scale Barding Armor
63:55 Forging
63:46 Scale Mail Armor
66:33 Cavalier
69:10 Forging
70:26 Chain Mail Armor
Banon
12:14 Loom
14:45 Feudal Age
19:40 Fletching
20:10 Padded Archer Armor
21:05 Forging
33:23 Castle Age
31:50 Double-Bit Axe
32:19 Stone Mining
32:46 Horse Collar
34:20 Wheelbarrow
34:55 Bow Saw
42:04 Leather Archer Armor
43:46 Bodkin Arrow
44:54 Ballistics
53:05 Imperial Age
52:57 Crossbowman
53:11 Cranequins
54:29 Ring Archer Armor
54:00 Bracer
53:43 Arbalester
56:10 Chemistry
57:48 Caravan
62:38 Two-Man Saw
67:31 Elite Skirmisher
Panchi
3:34 Loom
14:32 Feudal Age
15:25 Double-Bit Axe
20:01 Fletching
22:45 Wheelbarrow
26:12 Castle Age
24:53 Padded Archer Armor
26:19 Crossbowman
26:57 Bodkin Arrow
27:00 Town Watch
27:49 Thumb Ring
29:07 Gold Mining
36:28 Hand Cart
39:51 Leather Archer Armor
46:17 Bow Saw
51:00 Horse Collar
55:06 Ballistics
56:55 Heavy Plow
61:06 Imperial Age
61:14 Elite Skirmisher
64:56 Crop Rotation
70:29 Bracer
慎独
8:06 Loom
11:57 Feudal Age
12:28 Arson
12:06 Man-at-Arms
13:47 Forging
13:37 Scale Mail Armor
16:15 Scale Mail Armor
17:09 Double-Bit Axe
17:42 Town Watch
20:07 Wheelbarrow
24:02 Castle Age
25:06 Bow Saw
25:15 Hand Cart
25:14 Gold Mining
25:57 Horse Collar
29:17 Gold Shaft Mining
30:57 Heavy Plow
32:08 Stone Mining
33:42 Stone Shaft Mining
37:54 Imperial Age
37:00 Scale Barding Armor
37:31 Iron Casting
37:51 Bloodlines
37:41 Husbandry
38:36 Tusk Swords
39:01 Chain Barding Armor
40:34 Blast Furnace
39:21 Elite Battle Elephant
41:25 Conscription
42:32 Plate Barding Armor
43:29 Ballistics
44:10 Chemistry
44:00 Heavy Scorpion
46:17 Chain Mail Armor
45:52 Fletching
45:25 Capped Ram
47:57 Siege Engineers
47:54 Bodkin Arrow
49:36 Coinage
49:07 Caravan
50:02 Hoardings
49:28 Double Crossbow
51:21 Banking
52:40 Crop Rotation
51:49 Light Cavalry
52:50 Town Patrol
53:10 Hussar
UBERstrats
7:10 Loom
7:29 Double-Bit Axe
15:07 Feudal Age
15:09 Horse Collar
16:25 Bow Saw
18:47 Castle Age
16:56 Heavy Plow
23:15 Wheelbarrow
22:26 Town Watch
28:32 Scale Barding Armor
28:37 Forging
29:44 Husbandry
29:45 Cavalier
32:01 Chain Barding Armor
32:18 Iron Casting
35:46 Hand Cart
37:53 Crop Rotation
38:14 Gold Mining
40:59 Imperial Age
41:17 Paladin
42:35 Plate Barding Armor
43:02 Blast Furnace
49:00 Two-Man Saw
50:12 Gold Shaft Mining
55:46 Chemistry
55:07 Padded Archer Armor
59:56 Leather Archer Armor
Connection lost

Rejoining the realm…

Still unreachable

The connection could not be restored.

Session expired

The server has moved on; the page needs a fresh start.